 Dungeon Crawl Stone Soup version 0.32-a0-290-g598725c5f2 (webtiles) character file.

Game seed: 15385404020063867682

15 Bravepunisher the Ducker (level 2, -5/16 HPs)
             Began as a Spriggan Monk on Feb 13, 2024.
             Killed from afar by Ijyb (17 damage)
             ... with an iceblast
             ... on level 4 of the Dungeon.
             The game lasted 00:04:28 (827 turns).

Bravepunisher the Ducker (Spriggan Monk)             Turns: 827, Time: 00:04:29

Health: -5/16      AC:  3    Str: 13    XL:     2   Next: 34%
Magic:  3/3        EV: 19    Int: 11    God:
Gold:   58         SH:  0    Dex: 17    Spells: 1/1 levels left

rFire   . . .        a - +1 short sword
rCold   . . .        (no shield)
rNeg    . . .        b - +0 robe
rPois   .            (helmet restricted)
rElec   .            e - +0 cloak
rCorr   .            (gloves unavailable)
SInv    +            (boots unavailable)
Will    .....        (no amulet)
Stlth   ++           f - +6 ring of strength
HPRegen 0.22/turn    (no ring)
MPRegen 0.08/turn

%: no passive effects
@: lethally poisoned (-5 -> -9), very quick
A: very small, no large weapons, unfitting armour, see invisible, speed 3
a: no special abilities


You were on level 4 of the Dungeon.
You visited 1 branch of the dungeon, and saw 4 of its levels.

You collected 58 gold pieces.

Inventory:

Hand Weapons
 a - a +1 short sword (weapon)
Armour
 b - a +0 robe (worn)
 e - a +0 cloak (worn)
Jewellery
 f - a +6 ring of strength (left hand)
Scrolls
 h - a scroll of enchant armour {unknown}
 i - 2 scrolls of identify {unknown}
 j - a scroll of blinking {unknown}


   Skills:
 + Level 2.6 Fighting
 - Level 3.2 Short Blades
 * Level 4.7 Dodging


You had one spell level left.
You didn't know any spells.
Your spell library was empty.

Dungeon Overview and Level Annotations

Branches:
Dungeon (4/15)
 Temple: D:4-7

Altars:
Okawaru
Ru

Shops:
D:4 *

Annotations:
D:4 Ijyb


Innate Abilities, Weirdness & Mutations

You are very small and have problems with some larger weapons.
You are too small for most types of armour.
You have supernaturally acute eyesight. (SInv)
You cover ground extremely quickly. (Speed+++)


Message History

You hear the rusting of a very distant drain.
Ijyb the Inquisitive comes into view.
She is wielding a +3 dagger of venom and carrying a wand of iceblast.
Ijyb shouts!
Okay, then.
As you read the scroll labelled CUYGENL PISI, it crumbles to dust.
It is a scroll of enchant weapon.
Your +0 short sword glows red for a moment.
Ijyb misses you.
You hit Ijyb.
Ijyb is lightly wounded.
Ijyb hits you with a +3 dagger of venom.
You are lethally poisoned!
Unknown command.
You feel sick. Ijyb attacks as she pursues you! Ijyb completely misses you.
You are confused.
You feel invigorated.
You feel very sick. Ijyb misses you.
You are too confused!
You feel sick.
You bump into the rock wall.
You feel sick. Ijyb closely misses you.
You hit Ijyb.
Ijyb is lightly wounded.
You feel sick. Ijyb hits you but does no damage.
You are more poisoned.
You feel sick. Ijyb completely misses you.
You bump into the rock wall.
You feel sick.
Ijyb hits you with a +3 dagger of venom.
You hit Ijyb.
Ijyb is lightly wounded.
You feel sick. Ijyb barely misses you.
You bump into the rock wall.
You feel less invigorated.
You feel less confused.
You feel sick. Ijyb completely misses you.
You feel sick.
You feel sick.
Ijyb zaps a wand.
The mass of ice explodes!
The iceblast engulfs you!
Ouch! That really hurt!
You die...
Ijyb screams, "Good help so hard to find!"

##########
#.g.......
#.######## #.# #@#
#.# #.# ### # #.#
#.. #f #.# #.# .
#.# #.# ##.#.
#.#####.####...##.
#.............##..
#########.#####...


You could see Ijyb.

Vanquished Creatures
  A bat (D:1)
  An endoplasm (D:4)
  A giant cockroach (D:1)
  A goblin (D:1)
  A hobgoblin (D:3)
  2 kobolds
  A rat (D:1)
8 creatures vanquished.

Notes
Turn   | Place    | Note
-------+----------+-------------------------------------------
     0 | D:1      | Bravepunisher the Spriggan Monk began the quest for the
                  | Orb.
     0 | D:1      | Reached XP level 1. HP: 11/11 MP: 2/2
   253 | D:2      | Found a sacrificial altar of Ru.
   295 | D:3      | Found an iron altar of Okawaru.
   372 | D:3      | Reached XP level 2. HP: 14/16 MP: 3/3
   677 | D:4      | Found Ditov's CLEARANCE SALE!.
   813 | D:4      | Noticed Ijyb
   827 | D:4      | Killed from afar by Ijyb

Illustrated notes

Levels and vault maps discovered:
D:1:      ncdulo_wetmaze, layout_loops_ring
D:2:      layout_basic, serial_shops, shop, basic_altar, lightli_corner_chamber,
          uniq_robin, uniq_sigmund
D:3:      minmay_wonky_spiral, layout_basic, mainiacjoe_overflow_chevrons,
          shapermc_ecumenical_altar_ellora,
          nicolae_concentric_dashed_squares_mild, nicolae_titane
D:4:      layout_loops_ring, nzn_wu_jian_contemplation, serial_shops, shop,
          gup_sewer_entry_pipe, nicolae_shop_clearance, uniq_ijyb,
          uniq_eustachio

Action                     || total
---------------------------++-------
  Melee: Short sword       ||    62
    Use: Potion            ||     3
         Scroll            ||     1
 Armour: Robe              ||    13
  Dodge: Dodged            ||    64

Table legend: (Time is in decaauts)
 A = Elapsed time spent in this place.
 B = Non-inter-level travel time spent in this place.
 C = Inter-level travel time spent in this place.
 D = Time resting spent in this place.
 E = Time spent auto-exploring this place.
 F = Levels seen in this place.
 G = Mean time per level.
                   A        B        C        D        E       F      G
               +--------+--------+--------+--------+--------+-----+--------+
         Total |    541 |    541 |      0 |      0 |    121 |   4 |  135.2 |
       Dungeon |    541 |    541 |      0 |      0 |    121 |   4 |  135.2 |
               +--------+--------+--------+--------+--------+-----+--------+

Top non-repeatable levels by time:
     D:4: 275 daAuts
     D:1: 164 daAuts
     D:3: 83 daAuts
     D:2: 18 daAuts
